 Dungeon Crawl Stone Soup version 0.20-a0-1122-gb7cbeb9 (webtiles) character file.

16 mopl the Sneak (level 2, -3/11 HPs)
             Began as a Felid Earth Elementalist on May 14, 2017.
             Slain by a hobgoblin
             ... wielding a +0 club
              (6 damage)
             ... on level 1 of the Dungeon.
             The game lasted 00:01:40 (1048 turns).

mopl the Sneak (Felid Earth Elementalist)           Turns: 1048, Time: 00:01:40

Health: -3/11      AC:  1    Str:  4    XL:     2   Next: 41%
Magic:  5/6        EV: 18    Int: 16    God:
Gold:   11         SH:  0    Dex: 16    Spells: 2/5 levels left
                                        Lives:  0   Deaths: 0

rFire    . . .     SeeInvis +   (weapon unavailable)
rCold    . . .     Gourm    .   (shield unavailable)
rNeg     . . .     Faith    .   (armour unavailable)
rPois    .         Spirit   .   (helmet unavailable)
rElec    .         Reflect  .   (cloak unavailable)
rCorr    .         Harm     .   (gloves unavailable)
MR       .....                  (boots unavailable)
Stlth    +++.......             (no amulet)
Regen    0.1/turn               (no ring)
MPRegen  0.1/turn               (no ring)

@: very slightly contaminated, quick
A: no armour, no weapons or thrown items, stealth, claws 1, fangs 3, see
invisible, carnivore 3, speed 1, shaggy fur 1, slow metabolism 1, sharp paws
a: no special abilities


You were on level 1 of the Dungeon.
You were not hungry.

You visited 1 branch of the dungeon, and saw 1 of its levels.

You collected 11 gold pieces.

Inventory:

Missiles
 b - 31 stones
Scrolls
 a - a scroll of remove curse {unknown}
Books
 d - a book of Geomancy

   Spells                             Type                      Level
   a - Sandblast                      Earth                        1
   b - Passwall                       Transmutation/Earth          2
   c - Stone Arrow                    Conjuration/Earth            3
   d - Petrify                        Transmutation/Earth          4
   e - Lee's Rapid Deconstruction     Earth                        5
Comestibles
 c - a meat ration


   Skills:
 - Level 2.6 Dodging
 * Level 3.8 Stealth
 + Level 0.8 Unarmed Combat
 - Level 2.0 Spellcasting
 - Level 1.1 Transmutations
 + Level 2.8 Earth Magic


You had 2 spell levels left.
You knew the following spells:

 Your Spells              Type           Power        Failure   Level  Hunger
a - Sandblast             Erth           ##....       7%          1    #......
p - Passwall              Tmut/Erth      #.........   14%         2    ###....


Dungeon Overview and Level Annotations

Branches:
Dungeon (1/15)

Altars:


Innate Abilities, Weirdness & Mutations

You cannot wear armour.
You are incapable of wielding weapons or throwing items.
Your paws allow you to move quietly. (Stealth)
You have sharp claws.
You have razor-sharp teeth.
You have supernaturally acute eyesight. (SInv)
You are carnivorous and can eat meat at any time.
You cover ground quickly.
You are covered in fur. (AC +1)
You have a slow metabolism.
Your sharp claws are effective at attacking unaware monsters.


Message History

You scratch the giant cockroach but do no damage.
You bite the giant cockroach.
You kill the giant cockroach!
You scratch the goblin but do no damage.
The goblin is moderately wounded.
The goblin closely misses you.
You scratch the goblin.
You kill the goblin!
The kobold throws a stone.
The stone hits you.
You barely miss the hobgoblin.
The hobgoblin is heavily wounded.
You scratch the hobgoblin. You bite the hobgoblin.
The hobgoblin is almost dead.
The hobgoblin hits you with a club.
* * * LOW HITPOINT WARNING * * *
You scratch the hobgoblin but do no damage.
The hobgoblin is almost dead.
The hobgoblin hits you with a club.
Ouch! That really hurt!
You die...

.######.####.....###K........
..............##.##.........#
.......÷.####...............#
......##..########.......%..#
....# ##.).# #..........# ...
###.# ##.........# .. #.##
###.........# #..# ##K†.........#
##@###..#[.....$... ##########
#g##.g##..........
#........#######K..g.##......[..#
##.#####...##.........##.........
#.# ###.##.................#>.
#.# #####..#..........######.#..
#.###.................## #.#..
##..#..####.............## #.#..
#..>..## #..).....####..# #.#.#


You could see a hobgoblin and a kobold.

Vanquished Creatures
  A dart slug (D:1)
  3 giant cockroaches (D:1)
  3 bats (D:1)
  3 frilled lizards (D:1)
  3 goblins (D:1)
  A kobold (D:1)
14 creatures vanquished.

Notes
Turn   | Place    | Note
-------+----------+-------------------------------------------
     0 | D:1      | mopl the Felid Earth Elementalist began the quest for the Orb.
     0 | D:1      | Reached XP level 1. HP: 7/7 MP: 4/4
    45 | D:1      | Reached skill level 3 in Stealth
   423 | D:1      | Reached XP level 2. HP: 4/11 MP: 6/6
   629 | D:1      | Learned a level 2 spell: Passwall
  1048 | D:1      | Slain by a hobgoblin

Vault maps used:
D:1:      lightli_molten_gateway, amethyst_killhole, st_stairs_6

Skill      XL: |  1 |
---------------+----+-----
Stealth        | 3 |  3.8
Dodging        | |  2.6
Unarmed Combat | |  0.8
Spellcasting   | |  2.0
Transmutations | |  1.1
Earth Magic    | |  2.8

Action                   || total
-------------------------++-------
Melee: Unarmed           ||    62
       Bite              ||     9
 Cast: Sandblast         ||     3
 Stab: Sleeping          ||     4
  Eat: Chunk             ||     3
Armor: Skin              ||     4
Dodge: Dodged            ||    70
